 Dungeon Crawl Stone Soup version 0.28.0-62-gf88900778d (webtiles) character file.

Game seed: 3707322841595296294

96 browni3141 the Vexing (level 4, -9/33 HPs)
             Began as a Human Enchanter on Feb 27, 2023.
             Was an Initiate of Nemelex Xobeh.
             Killed from afar by an orc wizard (10 damage)
             ... with a puff of flame
             ... on level 3 of the Dungeon.
             The game lasted 00:09:49 (3781 turns).

browni3141 the Vexing (Human Enchanter)             Turns: 3781, Time: 00:09:50

Health: -9/33      AC:  6    Str:  8    XL:     4   Next: 98%
Magic:  0/7        EV: 15    Int: 24    God:    Nemelex Xobeh [......]
Gold:   120        SH:  3    Dex: 13    Spells: 2/7 levels left

rFire   . . .      SeeInvis .   a - +1 dagger
rCold   . . .      Faith    .   p - +0 buckler {reflect}
rNeg    . . .      Spirit   .   b - +0 robe
rPois   .          Reflect  +   g - +1 hat
rElec   .          Harm     .   (no cloak)
rCorr   .          Rampage  .   (no gloves)
Will    .....                   l - +2 pair of boots
Stlth   ++........              (no amulet)
HPRegen 0.11/turn               E - +4 ring of evasion
MPRegen 0.10/turn               I - +6 ring of intelligence

@: attractive
A: no striking features
a: Renounce Religion, Draw Escape, Draw Destruction, Draw Summoning


You were on level 3 of the Dungeon.
You worshipped Nemelex Xobeh.
Nemelex Xobeh was noncommittal.
You visited 1 branch of the dungeon, and saw 3 of its levels.

You collected 120 gold pieces.


   Skills:
 - Level 2.0 Fighting
 - Level 1.0 Short Blades
 - Level 2.0 Dodging
 - Level 3.0 Stealth
 + Level 0.7 Shields
 - Level 2.0 Spellcasting
 * Level 4.0 Hexes
 - Level 2.0 Ice Magic


You had 2 spell levels left.
You knew the following spells:

 Your Spells              Type           Power      Damage    Failure   Level
d - Tukima's Dance        Hex            21%        N/A       10%         3
z - Ensorcelled Hibernat  Hex/Ice        32%        N/A       7%          2

Your spell library contained the following spells:

 Spells                   Type           Power      Damage    Failure   Level
 Confusing Touch          Hex            21%        N/A       10%         3
 Dazzling Flash           Conj/Hex       24%        N/A       22%         3
 Gell's Gravitas          Tloc           2%         N/A       43%         3
 Lesser Beckoning         Tloc           2%         N/A       43%         3
 Teleport Other           Tloc           2%         N/A       43%         3

Inventory:

Hand Weapons
 a - a +1 dagger (weapon)
Armour
 b - a +0 robe (worn)
 g - a +1 hat (worn)
 l - a +2 pair of boots (worn)
 p - a +0 buckler of reflection (worn)
Magical Staves
 r - a staff of air
Jewellery
 E - a +4 ring of evasion (left hand)
 I - a +6 ring of intelligence (right hand)
 Z - a ring of wizardry
Scrolls
 d - a scroll of blinking {unknown}
 h - a scroll of identify {unknown}
 i - 3 scrolls of fog {@r5}
 j - 2 scrolls of vulnerability {!r}
 m - a scroll of holy word {unknown}
 q - a scroll of amnesia {unknown}
Potions
 c - a potion of haste {unknown}
 e - a potion of curing {unknown}
 f - a potion of flight {unknown}
 n - a potion of might {unknown}
 o - a potion of magic {unknown}

Dungeon Overview and Level Annotations

Branches:
Dungeon (3/15)

Altars:
Nemelex Xobeh

Annotations:
D:1 Terence

## #. ...#.........# #
.............##
#.....##......## .....
.#......##### .##.
#............###
###......###...## #
#......# ###..##
....#################..#
#....@o<.............#
#.####################


You could see an orc wizard.


Message History

You bump into the rock wall.
The orc wizard hits you with a +0 dagger.
* * * LOW HITPOINT WARNING * * *
You bump into the rock wall.
You feel less confused.
The orc wizard hits you with a +0 dagger.
* * * LOW HITPOINT WARNING * * *
Aiming: Ensorcelled Hibernation (safe; 7% risk of failure)
Press: ? - help, Q - select action, (/) - cycle Shift-Dir - straight line, f - orc wizard
Aim: an orc wizard, wielding a +0 dagger and wearing a +0 robe (chance to affect: 50%)
The orc wizard resists with some effort.
The orc wizard completely misses you.
Aiming: Ensorcelled Hibernation (safe; 7% risk of failure)
Press: ? - help, Q - select action, (/) - cycle Shift-Dir - straight line, f/p - orc wizard
Aim: an orc wizard, wielding a +0 dagger and wearing a +0 robe (chance to affect: 50%)
The orc wizard resists with some effort.
The orc wizard hits you but does no damage.
Aiming: Ensorcelled Hibernation (safe; 7% risk of failure)
Press: ? - help, Q - select action, (/) - cycle Shift-Dir - straight line, f/p - orc wizard
Aim: an orc wizard, wielding a +0 dagger and wearing a +0 robe (chance to affect: 50%)
The orc wizard resists with some effort.
The orc wizard casts a spell at you. The puff of flame hits you.
* * * LOW HITPOINT WARNING * * *
It was a potion of attraction.
You feel attractive to monsters. The orc wizard casts a spell at you.
The puff of flame hits you!
You die...
Your body disappears without a glow.

Skill      XL: |  1  2  3  4 |
---------------+-------------+-----
Fighting       | 1 2 |  2.0
Ice Magic      | 1 2 |  2.0
Hexes          | 4 |  4.0
Short Blades   | |  1.0
Dodging        | |  2.0
Stealth        | |  3.0
Shields        | |  0.7
Spellcasting   | |  2.0

Action                   |  1- 3 |  4- 6 || total
-------------------------+-------+-------++-------
Melee: Dagger            |    82 |    96 ||   178
       Punch             |     1 |       ||     1
 Cast: Ensorcelled Hiber |    17 |    31 ||    48
       Tukima's Dance    |       |     5 ||     5
  Use: Potion            |     1 |     1 ||     2
       Scroll            |       |     2 ||     2
 Stab: Sleeping          |    14 |    10 ||    24
Armor: Robe              |    12 |    37 ||    49
Dodge: Dodged            |    64 |    73 ||   137
Block: Buckler           |       |     6 ||     6
       Reflection        |       |     1 ||     1

Levels and vault maps discovered:
D:1:      scummos_arrival_forest, layout_basic, basic_ecumenical_altar,
          nrook_campfire, minivault_5, minivault_11
D:2:      layout_rooms, basic_altar, uniq_terence
D:3:      layout_rooms, serial_bayou_pond_c,
          nicolae_concentric_dashed_squares_mild

Notes
Turn   | Place    | Note
-------+----------+-------------------------------------------
     0 | D:1      | browni3141 the Human Enchanter began the quest for the Orb.
     0 | D:1      | Reached XP level 1. HP: 13/13 MP: 3/3
   179 | D:1      | Reached skill level 1 in Fighting
   188 | D:1      | Reached XP level 2. HP: 15/21 MP: 5/5
   291 | D:1      | Learned a level 2 spell: Ensorcelled Hibernation
   418 | D:1      | Found a faded altar of an unknown god.
   695 | D:1      | Reached skill level 2 in Fighting
   980 | D:2      | Noticed Terence
  1684 | D:2      | Reached skill level 1 in Ice Magic
  1684 | D:2      | Reached XP level 3. HP: 24/27 MP: 1/6
  1907 | D:1      | Reached skill level 2 in Ice Magic
  2054 | D:2      | Found a sparkling altar of Nemelex Xobeh.
  2067 | D:2      | Became a worshipper of Nemelex Xobeh the Trickster
  2077 | D:2      | Reached XP level 4. HP: 33/33 MP: 0/7
  2321 | D:2      | Learned a level 3 spell: Tukima's Dance
  3342 | D:3      | Reached skill level 4 in Hexes
  3379 | D:2      | HP: 3/33 [something/magic dart (5)]
  3418 | D:2      | HP: 2/33 [something/magic dart (6)]
  3780 | D:3      | HP: 1/33 [orc wizard/puff of flame (4)]
  3781 | D:3      | Killed from afar by an orc wizard

Vanquished Creatures
  An orc wizard (D:2)
  2 adders (D:1)
  3 dart slugs
  3 orcs
  4 ball pythons
  5 endoplasms
  3 giant cockroaches
  7 goblins
  3 hobgoblins
  A quokka (D:1)
  2 bats
  2 frilled lizards
  4 kobolds
  7 rats
47 creatures vanquished.

Vanquished Creatures (others)
  2 dancing weapons
  4 plants (D:3)
6 creatures vanquished.

Grand Total: 53 creatures vanquished

Table legend: (Time is in decaauts)
 A = Elapsed time spent in this place.
 B = Non-inter-level travel time spent in this place.
 C = Inter-level travel time spent in this place.
 D = Time resting spent in this place.
 E = Time spent auto-exploring this place.
 F = Levels seen in this place.
 G = Mean time per level.
                   A        B        C        D        E       F      G
               +--------+--------+--------+--------+--------+-----+--------+
         Total |   3781 |   3718 |     63 |   1090 |   1611 |   3 | 1260.3 |
       Dungeon |   3781 |   3718 |     63 |   1090 |   1611 |   3 | 1260.3 |
               +--------+--------+--------+--------+--------+-----+--------+

Top non-repeatable levels by time:
     D:1: 2051 daAuts
     D:2: 1450 daAuts
     D:3: 279 daAuts

Table legend:
 A = Non-vault XP
 B = Vault XP
 C = Vault XP percentage of total XP
 D = Non-vault monster count
 E = Vault monster count
 F = Vault count percentage of total count
                 A         B        C        D         E       F
            +---------+---------+-------+---------+---------+-------
      Total |     138 |       0 |   0.0 |      47 |       0 |   0.0
            +---------+---------+-------+---------+---------+-------
        D:1 |      50 |       0 |   0.0 |      17 |       0 |   0.0
        D:2 |      77 |       0 |   0.0 |      25 |       0 |   0.0
        D:3 |      11 |       0 |   0.0 |       5 |       0 |   0.0
            +---------+---------+-------+---------+---------+-------
